 Dungeon Crawl Stone Soup version 0.30.1-11-g7821555f0a (webtiles) character file.

Game seed: 11634030478243988170

38 hawla the Digger (level 3, -4/26 HPs)
             Began as a Meteoran Earth Elementalist on Jan 10, 2024.
             Slain by a gnoll
             ... wielding a +0 whip
              (9 damage)
             ... on level 3 of the Dungeon.
             The game lasted 00:02:27 (187 turns).

hawla the Digger (Meteoran Earth Elementalist)       Turns: 187, Time: 00:02:27

Health: -4/26      AC:  2    Str:  9    XL:     3   Next: 91%
Magic:  8/8        EV:  6    Int: 19    God:
Gold:   17         SH:  0    Dex: 14    Spells: 4/8 levels left

rFire   . . .        (no weapon)
rCold   . . .        (no shield)
rNeg    . . .        a - +0 robe
rPois   .            (no helmet)
rElec   .            (no cloak)
rCorr   .            (no gloves)
SInv    .            (no boots)
Will    .....        (no amulet)
Stlth   +            (no ring)
HPRegen 0.24/turn    (no ring)
MPRegen 0.11/turn

%: no passive effects
@: attractive, held, glowing
A: sense surroundings 1, otherworldly, glowing, explore regen
a: no special abilities


You were on level 3 of the Dungeon.
You visited 1 branch of the dungeon, and saw 3 of its levels.

You collected 17 gold pieces.

Inventory:

Armour
 a - a +0 robe (worn)
Scrolls
 c - a scroll of magic mapping {unknown}
 e - 2 scrolls of teleportation {unknown}
 f - a scroll of identify {unknown}
 g - a scroll of vulnerability {unknown}
Potions
 h - a potion of degeneration {unknown}


   Skills:
 - Level 2.5 Dodging
 - Level 1.4 Stealth
 - Level 3.1 Spellcasting
 + Level 2.0 Conjurations
 - Level 1.2 Transmutations
 - Level 4.4 Earth Magic


You had 4 spell levels left.
You knew the following spells:

 Your Spells              Type           Power      Damage    Failure   Level
a - Sandblast             Erth           38%        2d10      2%          1
b - Stone Arrow           Conj/Erth      30%        3d8       12%         3

Your spell library contained the following spells:

 Spells                   Type           Power      Damage    Failure   Level
 Passwall                 Tmut/Erth      10%        N/A       7%          2
 Petrify                  Tmut/Erth      13%        N/A       43%         4


Dungeon Overview and Level Annotations

Branches:
Dungeon (3/15) Zot: 1606

Altars:

Shops:
D:1 *


Innate Abilities, Weirdness & Mutations

You passively map a small area around you.
You are easily found by Zot.
You glow in the dark.
You regain HP and MP as you explore.


Message History

Casting: Stone Arrow (quite dangerous; 19% risk of failure)
Confirm with . or Enter, or press ? or * to list all spells.
The spell is quite dangerous to miscast (19% risk of failure)!
Continue anyway?
Aiming: Stone Arrow (quite dangerous; 19% risk of failure)
Press: ? - help, Shift-Dir - straight line, f/p - gnoll
Aim: a gnoll, wielding a +0 club (almost dead, 72% to hit)
The stone arrow hits the gnoll!
You kill the gnoll!
Your Conjurations skill increases to level 1!
Casting: Stone Arrow (quite dangerous; 14% risk of failure)
Confirm with . or Enter, or press ? or * to list all spells.
Aiming: Sandblast (safe; 2% risk of failure)
Press: ? - help, Shift-Dir - straight line, f - gnoll
Aim: a gnoll, wielding a +0 club and quivering a throwing net (84% to hit)
The blast of sand hits the gnoll!
The gnoll is almost dead.
The gnoll throws a throwing net.
The throwing net hits you.
You become entangled in the net!
Casting: Sandblast (safe; 2% risk of failure)
Confirm with . or Enter, or press ? or * to list all spells.
Aiming: Sandblast (safe; 2% risk of failure)
Press: ? - help, Shift-Dir - straight line, f/p - gnoll
Aim: a gnoll, wielding a +0 club (almost dead, 84% to hit)
The blast of sand hits the gnoll!
You kill the gnoll!
Your Conjurations skill increases to level 2!
Unknown command.
You tear a large gash into the net.
The gnoll hits you with a +0 whip.
You struggle against the net.
The gnoll barely misses you. The gnoll hits you with a +0 whip.
You struggle against the net.
The gnoll closely misses you.
The gnoll hits you from afar with a +0 spear!
Magic courses through your body.
The gnoll hits you from afar with a +0 spear.
* * * LOW HITPOINT WARNING * * *
The gnoll barely misses you.
It was a potion of attraction.
You feel attractive to monsters. The gnoll hits you with a +0 whip!
You die...

, , ,, ,..., *
* * * , , ....
, , #... *
#..#*, * , ,
####..# * , ,
...... *
#..####.#### ,
#...@gg.....
,##.####.#### *
...#.##.####.#
.......<.....#
,#..#.#########
,* # * * ,*, *
,, , ,*


You could see 2 gnolls.

Vanquished Creatures
  3 gnolls
  A bat (D:1)
  An endoplasm (D:1)
  2 goblins (D:1)
  A hobgoblin (D:1)
  A kobold (D:1)
  A frilled lizard (D:2)
10 creatures vanquished.

Notes
Turn   | Place    | Note
-------+----------+-------------------------------------------
     0 | D:1      | hawla the Meteoran Earth Elementalist began the quest for
                  | the Orb.
     0 | D:1      | Reached XP level 1. HP: 14/14 MP: 5/5
    66 | D:1      | Reached skill level 4 in Earth Magic
    66 | D:1      | Reached XP level 2. HP: 20/20 MP: 4/6
    90 | D:1      | Found Vaesiy's Assorted Antiques.
   141 | D:1      | Reached XP level 3. HP: 26/26 MP: 4/8
   155 | D:1      | Learned a level 3 spell: Stone Arrow
   181 | D:3      | Reached skill level 1 in Conjurations
   187 | D:3      | Slain by a gnoll

Illustrated notes

Levels and vault maps discovered:
D:1:      minmay_arrival_wavy_path, layout_loops_ring, serial_shops,
          nicolae_diamond_shop, minivault_27
D:2:      layout_loops_cross
D:3:      layout_loops_ring, elyvilon_altar_1, serial_shops,
          nicolae_shop_tiny_real_fake_doors

Skill      XL: |  1  2  3 |
---------------+----------+-----
Earth Magic    | 4 |  4.4
Spellcasting   | 3 |  3.1
Conjurations   | 2 |  2.0
Dodging        | |  2.5
Stealth        | |  1.4
Transmutations | |  1.2

Action                     || total
---------------------------++-------
   Cast: Sandblast         ||    12
         Stone Arrow       ||     3
    Use: Potion            ||     2
  Dodge: Dodged            ||     3
